 Dungeon Crawl Stone Soup version 0.31-a0-1589-g8f5e8aebd6 (webtiles) character file.

Game seed: 15872907099582405843

214 wildpjah the Insei (level 5, -10/41 HPs)
             Began as a Gnoll Shapeshifter on Jan 6, 2024.
             Mangled by a mummy (19 damage)
             ... in an ossuary.
             The game lasted 00:04:43 (2506 turns).

wildpjah the Insei (Gnoll Shapeshifter)             Turns: 2506, Time: 00:04:44

Health: -10/41     AC:  3    Str: 13    XL:     5   Next: 91%
Magic:  2/2        EV: 11    Int: 10    God:
Gold:   158        SH:  8    Dex: 13    Spells: 7/7 levels left

rFire   + + .        x - +3 hand axe of the Twelve Bones {antimagic, rF+ rC+}
rCold   + . .        h - +0 kite shield
rNeg    . . .        p - +0 leather armour
rPois   .            (helmet currently unavailable)
rElec   .            (cloak currently unavailable)
rCorr   .            (gloves currently unavailable)
SInv    .            (boots currently unavailable)
Will    .....        (no amulet)
Stlth   ++           r - ring of protection from fire
HPRegen 0.26/turn    (no ring)
MPRegen 0.08/turn

%: no passive effects
@: mighty, beast-form
A: beast (slay +3), fangs 1, strong nose, distributed training
a: Begin Untransformation


You were in an ossuary.
You were a hulking beast.
You visited 1 branch of the dungeon, and saw 4 of its levels.
You also visited: Ossuary.

You collected 158 gold pieces.

Inventory:

Hand Weapons
 f - a +1 halberd of flaming
 o - a +2 dagger of venom
 v - a +0 lajatang
 x - the +3 hand axe of the Twelve Bones (weapon) {antimagic, rF+ rC+}
   (You found it on level 4 of the Dungeon)

   rF+:       It protects you from fire.
   rC+:       It protects you from cold.
Missiles
 l - 8 boomerangs
 s - a throwing net
Armour
 a - a +0 animal skin
 h - a +0 kite shield (worn)
 p - a +0 leather armour (worn)
Magical Staves
 m - a staff of fire
Jewellery
 r - a ring of protection from fire (left hand)
 u - the ring "Gogar" {Ice rElec rPois Str+3 Int-3}
   (You found it on level 2 of the Dungeon)

   [ring of ice]

   Ice:       It enhances your ice magic.
   Str+3:     It affects your strength (+3).
   Int-3:     It affects your intelligence (-3).
   rF-:       It makes you vulnerable to fire.
   rC+:       It protects you from cold.
   rElec:     It insulates you from electricity.
   rPois:     It protects you from poison
Talismans
 c - a beast talisman
 d - a flux talisman
Scrolls
 k - a scroll of fog
 n - a scroll of amnesia
 w - a scroll of immolation
Potions
 b - a potion of lignification
 g - a potion of attraction
 i - 3 potions of ambrosia {unknown}
 j - a potion of magic
 q - a potion of mutation
 t - a potion of curing


   Skills:
 + Level 3.1 Fighting
 + Level 1.8 Short Blades
 + Level 1.8 Long Blades
 + Level 1.8 Axes
 + Level 1.8 Maces & Flails
 + Level 1.8 Polearms
 + Level 1.8 Staves
 + Level 1.8 Ranged Weapons
 + Level 1.8 Throwing
 + Level 1.8 Armour
 + Level 4.9 Dodging
 + Level 1.8 Stealth
 + Level 1.8 Shields
 + Level 6.8 Unarmed Combat
 + Level 1.8 Spellcasting
 + Level 1.4 Conjurations
 + Level 1.4 Hexes
 + Level 1.4 Summonings
 + Level 1.4 Necromancy
 + Level 1.4 Translocations
 + Level 1.4 Fire Magic
 + Level 1.4 Ice Magic
 + Level 1.4 Air Magic
 + Level 1.4 Earth Magic
 + Level 1.4 Alchemy
 + Level 2.0 Invocations
 + Level 1.8 Evocations
 + Level 6.7 Shapeshifting


You had 7 spell levels left.
You didn't know any spells.
Your spell library was empty.

Dungeon Overview and Level Annotations

Branches:
Dungeon (4/15)            Ossuary (1/1)
 Temple: D:4-7

Altars:

Shops:
D:2 [


Innate Abilities, Weirdness & Mutations

You are a hulking beast.
Your limbs bulge with bestial killing power. (Slay +3)
You have very sharp teeth.
Your uncanny sense of smell can sniff out nearby items.
Your experience applies equally to all skills.


Message History

You hit the kobold zombie. You barely miss the mummy.
The mummy is heavily damaged.
You barely miss the mummy. The mummy barely misses you.
You hit the mummy.
The mummy is severely damaged.
You slash the kobold zombie!
You destroy the kobold zombie!
You hit the mummy but do no damage. You block the mummy's attack.
The mummy barely misses you.
You slash the mummy!
You destroy the mummy!
You hit the mummy. The mummy hits you!!
Your Invocations skill increases to level 2!
You hit the mummy but do no damage. You bite the mummy.
The mummy is lightly damaged.
You barely miss the kobold zombie.
The kobold zombie hits you but does no damage.
The mummy closely misses you. The kobold zombie barely misses you.
You block the kobold zombie's attack.
You hit the mummy.
The mummy is moderately damaged.
You hit the kobold zombie. You completely miss the kobold zombie.
The kobold zombie hits you but does no damage.
The mummy hits you!
You are too injured to fight recklessly!
You slash the mummy!
The mummy is severely damaged.
You slash the kobold zombie!
You destroy the kobold zombie!
You hit the mummy. You hit the mummy.
The mummy is almost destroyed.
You hit the kobold zombie.
You destroy the kobold zombie!
You hit the mummy. The mummy barely misses you. The mummy hits you!
* * * LOW HITPOINT WARNING * * *
You feel very mighty all of a sudden. The mummy hits you!!
You die...

..............
.............
...........
........#
......# #.Z..#
#MMM.# #.h..#
∆ #....# ∆
#....# #....#
∆ ∆∆ #....# ∆
∆ #....# ∆ ∆∆
#.∩∩.# ∆
######


You could see 3 mummies and an orc zombie.

Vanquished Creatures
  A bombardier beetle (D:4)
  An orc priest (D:3)
  A mummy (Ossuary)
  4 gnolls (D:4)
  4 adders (D:3)
  2 dart slugs
  5 orcs
  3 bats
  2 endoplasms
  A giant cockroach (D:2)
  8 goblins
  6 hobgoblins
  2 quokkas
  5 ball pythons
  4 frilled lizards
  3 kobolds
  5 kobold zombies (Ossuary)
  An orc zombie (Ossuary)
  6 rats
64 creatures vanquished.

Notes
Turn   | Place    | Note
-------+----------+-------------------------------------------
     0 | D:1      | wildpjah the Gnoll Shapeshifter began the quest for the
                  | Orb.
     0 | D:1      | Reached XP level 1. HP: 17/17 MP: 1/1
   109 | D:1      | Reached XP level 2. HP: 21/23 MP: 2/2
   278 | D:1      | You fall into a shaft and drop 1 floor!
   397 | D:2      | Found Depeufru's Antique Armour Emporium.
   500 | D:1      | Found a faded altar of an unknown god.
   878 | D:2      | Reached XP level 3. HP: 28/28 MP: 3/3
  1059 | D:2      | Identified the ring "Gogar" {Ice rElec rPois Str+3 Int-3}
  1384 | D:3      | Reached skill level 1 in Invocations
  1544 | D:3      | Reached skill level 1 in Short Blades
  1544 | D:3      | Reached skill level 1 in Long Blades
  1544 | D:3      | Reached skill level 1 in Axes
  1544 | D:3      | Reached skill level 1 in Maces & Flails
  1544 | D:3      | Reached skill level 1 in Polearms
  1544 | D:3      | Reached skill level 1 in Staves
  1544 | D:3      | Reached skill level 1 in Ranged Weapons
  1544 | D:3      | Reached skill level 1 in Throwing
  1544 | D:3      | Reached skill level 1 in Armour
  1544 | D:3      | Reached skill level 1 in Stealth
  1544 | D:3      | Reached skill level 1 in Shields
  1544 | D:3      | Reached skill level 1 in Spellcasting
  1544 | D:3      | Reached skill level 1 in Evocations
  1607 | D:3      | Reached XP level 4. HP: 31/34 MP: 5/5
  1732 | D:3      | Reached skill level 1 in Conjurations
  1732 | D:3      | Reached skill level 1 in Hexes
  1732 | D:3      | Reached skill level 1 in Summonings
  1732 | D:3      | Reached skill level 1 in Necromancy
  1732 | D:3      | Reached skill level 1 in Translocations
  1732 | D:3      | Reached skill level 1 in Fire Magic
  1732 | D:3      | Reached skill level 1 in Ice Magic
  1732 | D:3      | Reached skill level 1 in Air Magic
  1732 | D:3      | Reached skill level 1 in Earth Magic
  1732 | D:3      | Reached skill level 1 in Alchemy
  1994 | D:3      | Reached XP level 5. HP: 6/40 MP: 5/7
  2341 | D:4      | Identified the +3 hand axe of the Twelve Bones {antimagic,
                  | rF+ rC+}
  2483 | D:4      | Found a sand-covered staircase.
  2487 | Ossuary  | Entered an ossuary
  2506 | Ossuary  | Mangled by a mummy

Illustrated notes

Levels and vault maps discovered:
D:1:      nicolae_arrival_memento_mori, layout_basic,
          ebering_ecumenical_altar_ruins
D:2:      layout_loops_ring, serial_shops, shop, hangedman_decor_peaks_small,
          reono_crystal_passage
D:3:      layout_basic, nicolae_half_adder, uniq_crazy_yiuf_cottage
D:4:      layout_basic, minmay_temple_entry_trees, enter_ossuary_5,
          minmay_shop_grid_forest, minmay_circle_x
Ossuary:  ossuary_tomb_3

Skill      XL: |  1  2  3  4  5 |
---------------+----------------+-----
Invocations    | 1 2 |  2.0
Short Blades   | 1 |  1.8
Long Blades    | 1 |  1.8
Axes           | 1 |  1.8
Maces & Flails | 1 |  1.8
Polearms       | 1 |  1.8
Staves         | 1 |  1.8
Ranged Weapons | 1 |  1.8
Throwing       | 1 |  1.8
Armour         | 1 |  1.8
Stealth        | 1 |  1.8
Shields        | 1 |  1.8
Spellcasting   | 1 |  1.8
Evocations     | 1 |  1.8
Conjurations   | 1 |  1.4
Hexes          | 1 |  1.4
Summonings     | 1 |  1.4
Necromancy     | 1 |  1.4
Translocations | 1 |  1.4
Fire Magic     | 1 |  1.4
Ice Magic      | 1 |  1.4
Air Magic      | 1 |  1.4
Earth Magic    | 1 |  1.4
Alchemy        | 1 |  1.4
Fighting       | 3 |  3.1
Dodging        | |  4.9
Unarmed Combat | |  6.8
Shapeshifting  | |  6.7

Action                     |  1- 3 |  4- 6 || total
---------------------------+-------+-------++-------
  Melee: Unarmed           |    18 |       ||    18
         Halberd           |     3 |       ||     3
         Dagger            |    43 |       ||    43
         Bite              |     4 |     4 ||     8
         Lajatang          |     7 |    28 ||    35
         Hand axe          |       |    20 ||    20
    Use: Scroll            |       |     9 ||     9
         Potion            |       |     5 ||     5
   Stab: Sleeping          |     1 |       ||     1
 Armour: Animal skin       |     7 |       ||     7
         Leather armour    |    18 |    32 ||    50
  Dodge: Dodged            |    29 |    41 ||    70
  Block: Kite shield       |    25 |     6 ||    31

Table legend: (Time is in decaauts)
 A = Elapsed time spent in this place.
 B = Non-inter-level travel time spent in this place.
 C = Inter-level travel time spent in this place.
 D = Time resting spent in this place.
 E = Time spent auto-exploring this place.
 F = Levels seen in this place.
 G = Mean time per level.
                   A        B        C        D        E       F      G
               +--------+--------+--------+--------+--------+-----+--------+
         Total |   2535 |   2440 |     95 |     26 |   1940 |   5 |  507.0 |
       Dungeon |   2511 |   2416 |     95 |     26 |   1939 |   4 |  627.8 |
       Ossuary |     23 |     23 |      0 |      0 |      1 |   1 |   23.0 |
               +--------+--------+--------+--------+--------+-----+--------+

Top non-repeatable levels by time:
     D:3: 950 daAuts
     D:2: 715 daAuts
     D:1: 642 daAuts
     D:4: 203 daAuts
 Ossuary: 23 daAuts
